 Dungeon Crawl Stone Soup version 0.25.0-41-g26779e291d (webtiles) character file.

Game seed: 7627807320641520626

190 Ethylacetat the Poker (level 5, -4/36 HPs)
             Began as an Octopode Gladiator on July 10, 2020.
             Killed from afar by an orc wizard (9 damage)
             ... with a magic dart
             ... on level 3 of the Dungeon.
             The game lasted 00:04:01 (2384 turns).

Ethylacetat the Poker (Octopode Gladiator)          Turns: 2384, Time: 00:04:02

Health: -4/36      AC:  1    Str: 14      XL:     5   Next: 69%
Magic:  5/5        EV: 13    Int: 11      God:
Gold:   124        SH:  0    Dex: 10 (13) Spells: 4/4 levels left

rFire    . . .     SeeInvis .   a - +0 trident
rCold    + . .     Gourm    .   (no shield)
rNeg     . . .     Faith    .   b - +0 hat
rPois    .         Spirit   .   (no amulet)
rElec    .         Reflect  .   h - ring of protection from cold
rCorr    .         Harm     .   (no ring)
MR       .....                  (no ring)
Stlth    ++........             (no ring)
HPRegen  0.12/turn              (no ring)
MPRegen  0.09/turn              (no ring)
                                (no ring)
                                (no ring)

@: no status effects
A: almost no armour, stealthy swim, amphibious, 8 rings, constrict 8, camouflage
1, gelatinous body 1
a: no special abilities


You were on level 3 of the Dungeon.
You were hungry.

You visited 1 branch of the dungeon, and saw 3 of its levels.

You collected 124 gold pieces.

Inventory:

Hand Weapons
 a - a +0 trident (weapon)
Missiles
 c - 3 throwing nets (quivered)
Armour
 b - a +0 hat (worn)
Jewellery
 f - an uncursed ring of fire {unknown}
 h - a ring of protection from cold (left tentacle)
 o - an uncursed amulet of magic regeneration
Scrolls
 e - a scroll of enchant weapon {unknown}
 g - 3 scrolls of amnesia {unknown}
 i - 2 scrolls of teleportation {unknown}
 l - a scroll of enchant armour {unknown}
 m - 3 scrolls of remove curse {unknown}
 n - a scroll of noise {unknown}
Potions
 j - a potion of ambrosia {unknown}
 k - a potion of lignification {unknown}
 p - a potion of magic {unknown}
 q - a potion of brilliance {unknown}
Comestibles
 d - 5 rations
 r - a chunk of flesh


   Skills:
 + Level 3.6 Fighting
 * Level 5.3 Polearms
 - Level 2.0 Throwing
 - Level 3.0 Dodging


You had 4 spell levels left.
You didn't know any spells.
Your spell library was empty.

Dungeon Overview and Level Annotations

Branches:
Dungeon (3/15)

Altars:


Innate Abilities, Weirdness & Mutations

You cannot wear most types of armour.
You are very stealthy in the water. (Stealth+)
You are amphibious.
You can wear up to eight rings at the same time.
You can use your tentacles to constrict eight enemies at once.
Your skin changes colour to match your surroundings (Stealth+).
Your rubbery body absorbs attacks. (AC +1, EV +1)


Message History

You are too injured to fight recklessly!
You are too injured to fight recklessly!
You closely miss the orc wizard. Your grab misses the orc wizard.
Your squeeze misses the orc wizard.
The orc wizard casts a spell.
The orc wizard blinks!
Some of the chunks of flesh in your inventory have rotted away.
The orc misses you. The orc closely misses you.
The orc wizard gestures wildly while chanting.
The orc wizard blinks!
You completely miss the orc wizard. Your grab misses the orc wizard.
The orc wizard barely misses you.
The orc wizard gestures wildly while chanting.
The orc wizard blinks!
The orc hits you from afar with a +0 trident.
* * * LOW HITPOINT WARNING * * *
The orc wizard gestures at you while chanting.
The magic dart hits you!
You die...

#####...<.....
#####.............
##.>...####).......
########..#####
#........ #........##
######.......
########.########
###............
.........#
####...#####.###..
.)......## #....###
##.#...# ........#
##@#### ##....###
.......## #..#
####.).### .......#
#o######..)...#
...)...###
#.###....###.##
#####....#
####o##..#####..#
####.###..............##
#..#..##..##########
###....##.o##
#....###..##


You could see an orc wizard (fast) and 2 orcs.

Vanquished Creatures
  A quasit (D:3)
  Jessica (D:2)
  4 gnolls
  4 adders
  An ooze (D:1)
  2 worms
  3 leopard geckos
  An orc (D:3)
  6 bats
  7 goblins
  3 hobgoblins
  2 jackals (D:1)
  2 quokkas (D:2)
  4 frilled lizards
  5 kobolds
  3 rats
49 creatures vanquished.

Notes
Turn   | Place    | Note
-------+----------+-------------------------------------------
     0 | D:1      | Ethylacetat the Octopode Gladiator began the quest for the
                  | Orb.
     0 | D:1      | Reached XP level 1. HP: 14/14 MP: 1/1
   109 | D:1      | Reached XP level 2. HP: 18/19 MP: 2/2
   171 | D:1      | You fall into a shaft and drop 1 floor!
   552 | D:1      | Reached XP level 3. HP: 25/25 MP: 3/3
   846 | D:2      | Noticed Jessica
   851 | D:2      | Killed Jessica
   851 | D:2      | Reached skill level 4 in Polearms
   875 | D:2      | You fall into a shaft and drop 1 floor!
   883 | D:3      | Reached XP level 4. HP: 30/30 MP: 4/4
  1841 | D:3      | HP: 1/31 [gnoll (9)]
  1844 | D:3      | Reached XP level 5. HP: 1/36 MP: 5/5
  2135 | D:2      | Reached skill level 5 in Polearms
  2384 | D:3      | Killed from afar by an orc wizard

Illustrated notes

Levels and vault maps discovered:
D:1:      matt_arrival_grand_opening, layout_basic
D:2:      layout_loops_ring, uniq_jessica
D:3:      layout_rooms, first_ration

Skill      XL: |  1  2  3  4  5 |
---------------+----------------+-----
Polearms       | 4 5 |  5.3
Fighting       | 3 |  3.6
Throwing       | |  2.0
Dodging        | |  3.0

Action                   |  1- 3 |  4- 6 || total
-------------------------+-------+-------++-------
Melee: Trident           |    43 |    81 ||   124
       Tentacles         |     7 |    15 ||    22
       Constrict         |     7 |    15 ||    22
 Stab: Sleeping          |     5 |     3 ||     8
       Distracted        |       |     2 ||     2
  Eat: Chunk             |       |     4 ||     4
Armor: Skin              |     3 |     6 ||     9
Dodge: Dodged            |    17 |    68 ||    85
